 Dungeon Crawl Stone Soup version 0.30.1-9-gdf580d7c3d (webtiles) character file.

Game seed: 864170547321634698

29663 lonewolfV2 the Myrmidon (level 13, -1/109 HPs)
             Began as a Demonspawn Fighter on Oct 23, 2023.
             Was an Elder of Okawaru.
             Shot with an arrow by a centaur warrior (5 damage)
             ... on level 13 of the Dungeon.
             The game lasted 00:33:41 (14068 turns).

lonewolfV2 the Myrmidon (Demonspawn Fighter)       Turns: 14068, Time: 00:33:42

Health: -1/109     AC: 21    Str: 21    XL:     13   Next: 16%
Magic:  24/24      EV:  9    Int: 16    God:    Okawaru [****..]
Gold:   747        SH: 10    Dex: 13    Spells: 12/12 levels left

rFire   + + +        a - +1 war axe
rCold   + . .        c - +0 buckler
rNeg    . . .        u - +6 scale mail of Refuge {Regen+ Stlth+}
rPois   +            (no helmet)
rElec   +            R - scarf of the Planets {+Inv, +Blink rF++ Slay+2}
rCorr   +            B - +1 pair of gloves
SInv    +            x - +0 pair of boots
Will    .....        b - amulet of faith
Stlth   +            l - ring of see invisible
HPRegen 1.18/turn    E - +6 ring of intelligence
MPRegen 0.19/turn

%: faith
@: resistant, invisible
A: rugged brown scales 2, icemail 1, spiny 1, condensation shield, weakness
stinger 2
a: Renounce Religion, Evoke Blink, Evoke Invisibility, Heroism, Finesse


You were on level 13 of the Dungeon.
You worshipped Okawaru.
Okawaru was greatly pleased with you.
You visited 2 branches of the dungeon, and saw 14 of its levels.
You also visited: Sewer and Gauntlet.

You collected 747 gold pieces.

Inventory:

Hand Weapons
 a - a +1 war axe (weapon)
 H - a -1 demon whip of venom
Armour
 c - a +0 buckler (worn)
 m - a +1 plate armour
 u - the +6 scale mail of Refuge (worn) {Regen+ Stlth+}
   (You took it off an orc on level 3 of the Dungeon)

   Regen:     It increases your rate of health regeneration.
   Stlth:     It makes you more stealthy.
 x - a +0 pair of boots (worn)
 B - a +1 pair of gloves (worn)
 R - the scarf of the Planets (worn) {+Inv, +Blink rF++ Slay+2}
   (Okawaru gifted it to you on level 12 of the Dungeon)

   Slay:      It affects your accuracy & damage with ranged weapons and melee
   (+2).
   rF:        It greatly protects you from fire.
   +Blink:    It lets you blink.
Jewellery
 b - an amulet of faith (around neck)
 l - a ring of see invisible (left hand)
 y - a ring of wizardry
 A - a ring of ice
 E - a +6 ring of intelligence (right hand)
 F - a ring of magical power
 J - an amulet of the acrobat
 O - an amulet of magic regeneration
 Q - a ring of flight
 T - an amulet of regeneration
Wands
 C - a wand of paralysis (10)
 D - a wand of flame (17)
 I - a wand of polymorph (15)
 N - a wand of mindburst (8)
Scrolls
 i - 4 scrolls of fog
 j - 3 scrolls of teleportation
 o - a scroll of enchant weapon
 v - a scroll of fear
 z - a scroll of magic mapping
 K - 2 scrolls of enchant armour
 P - 2 scrolls of amnesia
 S - 4 scrolls of identify
Potions
 d - a potion of might
 e - 2 potions of flight
 g - 3 potions of mutation
 h - a potion of berserk rage
 k - 3 potions of attraction
 n - a potion of lignification
 p - a potion of brilliance
 r - 3 potions of haste
 s - 4 potions of cancellation
 t - 2 potions of magic
 L - a potion of degeneration


   Skills:
 - Level 10.7 Fighting
 + Level 12.0 Axes
 - Level 2.6 Armour
 - Level 9.3 Shields
 + Level 15.8 Invocations


You had 12 spell levels left.
You didn't know any spells.
Your spell library contained the following spells:

 Spells                   Type           Power      Damage    Failure   Level
 Blink                    Tloc           0%         N/A       77%         2
 Lesser Beckoning         Tloc           0%         N/A       77%         2
 Momentum Strike          Conj/Tloc      0%         3d8       77%         2
 Static Discharge         Conj/Air       0%         2-2/arc   77%         2
 Sublimation of Blood     Necr           0%         N/A       77%         2
 Gell's Gravitas          Tloc           0%         N/A       94%         3
 Teleport Other           Tloc           0%         N/A       94%         3
 Airstrike                Air            0%         2d(0-16)  100%        4
 Petrify                  Tmut/Erth      0%         N/A       100%        4
 Irradiate                Conj/Tmut      0%         3d11      100%        5
 Summon Lightning Spire   Summ/Air       Unusable   N/A       N/A         4

Dungeon Overview and Level Annotations

Branches:
Dungeon (13/15)            Temple (1/1) D:6            Lair (0/5) D:10
    Orc (0/2) D:9           Sewer (visited)         Gauntlet (visited)
 Vaults: D:13-14

Altars:
Ashenzari
Cheibriados
Dithmenos
Fedhas
Gozag
Hepliaklqana
Kikubaaqudgha
Makhleb
Nemelex Xobeh
Okawaru
Qazlal
Ru
Sif Muna
Trog
Uskayaw
Vehumet
Wu Jian
Xom
Yredelemnul

Shops:
D:3 ?   D:6 (

Annotations:
D:6 exclusion: statue


Innate Abilities, Weirdness & Mutations

You are mostly covered in rugged brown scales. (AC +2, +5% HP)
A meltable icy envelope protects you from harm. (AC +4)
You are partially covered in sharp spines.
A meltable shield of frost defends you. (SH +4)
You have a tail ending in a sharp stinger.


Message History

You block the troll's attack. The troll claws you!
* * * LOW HITPOINT WARNING * * *
You block the troll's attack.
You slash the troll!
The troll is moderately wounded.
The centaur warrior shoots an arrow.
The arrow hits you.
* * * LOW HITPOINT WARNING * * *
The centaur warrior shoots an arrow.
You block the arrow. The troll bites you but does no damage.
The troll claws you but does no damage. The troll barely misses you.
The centaur warrior shoots an arrow.
The arrow hits you.
* * * LOW HITPOINT WARNING * * *
The centaur warrior shoots an arrow.
The arrow closely misses you.
You are confused.
You feel invigorated.
The centaur warrior shoots an arrow.
The arrow hits you!
* * * LOW HITPOINT WARNING * * *
The centaur warrior shoots an arrow.
The arrow hits you!
* * * LOW HITPOINT WARNING * * *
The troll is struck by your spines. The troll bites you but does no damage.
The troll claws you but does no damage. x2
You feel protected.
The centaur warrior shoots an arrow.
The arrow closely misses you. The troll bites you but does no damage.
The troll claws you but does no damage. x2
The centaur warrior shoots an arrow.
The arrow closely misses you.
You fade into invisibility!
You feel less invigorated.
You feel less confused.
The centaur warrior shoots an arrow.
The arrow hits the troll!
The centaur warrior shoots an arrow.
The arrow hits you.
* * * LOW HITPOINT WARNING * * *
The troll is struck by your spines. The troll barely misses you.
You block the troll's attack. x2
The centaur warrior shoots an arrow.
The arrow hits the troll.
The centaur warrior shoots an arrow.
The arrow hits you.
* * * LOW HITPOINT WARNING * * *
The centaur warrior shoots an arrow.
The arrow hits the troll!!
The troll dies!
The troll leather armour is intact enough to wear.
The centaur warrior shoots an arrow.
The arrow hits you.
You die...

#............... ....
#..........####+ .....
#..>.......## ? .....
#...........# .. ....
+...........# .. #..
####'###...##...
##..####...###...##...
#.....)......#.†.<....
#...[@........).......
#....[.##.....#####...
#....÷[.#.....# ...
..'...c...##...## ..
.c#...#....##.## #. .
#...###...### # ###.
#.... #. #.... ..⌠..


You could see 2 centaur warriors.

Vanquished Creatures
  A storm dragon (D:13)
  Erica (D:10)
  An ogre mage (D:9)
  3 centaur warriors
  4 two-headed ogres
  5 death yaks (D:10)
  2 tengu warriors (D:13)
  Sonja (D:10)
  Urug (D:13)
  Amaemon (D:10)
  A wolf spider (D:13)
  2 manticores (D:13)
  3 cyclopes
  A moth of wrath (D:13)
  An orange demon (D:10)
  Psyche (D:12)
  2 unseen horrors
  An unseen horror (shapeshifter) (D:13)
  6 trolls
  2 kobold demonologists (D:9)
  A hornet (D:8)
  A raiju (shapeshifter) (D:9)
  7 slime creatures
  2 shadows (D:10)
  A vampire (D:13)
  11 yaks
  13 vampire mosquitoes
  7 wargs (D:9)
  2 acid dragons
  An ice beast (D:6)
  8 orc warriors
  A sky beast (D:7)
  2 black bears
  2 ogres
  3 centaurs
  9 kobold brigands
  A phantom (D:6)
  The ghost of Woods the Magician, an amateur DEFE (D:3)
  8 gnoll sergeants
  5 scorpions
  4 bullfrogs
  7 wights
  6 killer bees (D:9)
  14 howler monkeys
  2 jellies
  A hound (D:6)
  9 orc priests
  8 gnoll boudas (D:9)
  Ijyb (D:4)
  A sleepcap (D:6)
  6 iguanas
  11 orc wizards
  Robin (D:4)
  8 gnolls
  7 adders
  5 river rats
  A white imp (D:6)
  6 worms
  4 dart slugs
  43 orcs
  9 ball pythons
  5 bats
  11 endoplasms
  A giant cockroach (D:3)
  9 hobgoblins
  8 jackals
  30 kobolds
  5 quokkas
  12 frilled lizards
  20 goblins
  24 rats
405 creatures vanquished.

Vanquished Creatures (others)
  A troll (D:13)
  A slime creature (D:13)
  A warg (D:9)
  A gnoll (D:13)
4 creatures vanquished.

Grand Total: 409 creatures vanquished

Notes
Turn   | Place    | Note
-------+----------+-------------------------------------------
     0 | D:1      | lonewolfV2 the Demonspawn Fighter began the quest for the
                  | Orb.
     0 | D:1      | Reached XP level 1. HP: 18/18 MP: 1/1
   110 | D:1      | Gained mutation: You are partially covered in sharp spines.
                  | [demonic ancestry]
   110 | D:1      | Reached XP level 2. HP: 15/24 MP: 2/2
  1174 | D:2      | Gained mutation: A meltable shield of frost defends you.
                  | (SH +4) [demonic ancestry]
  1174 | D:2      | Reached XP level 3. HP: 29/30 MP: 3/3
  1275 | D:2      | Noticed a scorpion
  1302 | D:2      | Killed a scorpion
  1303 | D:2      | Reached XP level 4. HP: 38/38 MP: 4/4
  1660 | D:2      | Reached XP level 5. HP: 43/43 MP: 5/5
  1994 | D:3      | Found a broken altar of Ashenzari.
  2025 | D:3      | Found Rappuostra's Magic Scroll Boutique.
  2104 | D:3      | Found a faded altar of an unknown god.
  2149 | D:3      | Found a burning altar of Makhleb.
  2151 | D:3      | Found an opulent altar of Gozag.
  2156 | D:3      | Found an ancient bone altar of Kikubaaqudgha.
  2199 | D:3      | Found a runed translucent gate.
  2200 | D:3      | Found a runed translucent gate.
  2200 | D:3      | Noticed Woods's ghost (amateur DEFE)
  2201 | D:3      | Found a runed translucent gate.
  2201 | D:3      | Identified the +6 scale mail of Refuge {Regen+ Stlth+}
  2335 | D:3      | Found a glowing drain.
  2339 | Sewer    | Entered a sewer
  2443 | Sewer    | Reached skill level 5 in Fighting
  2571 | Sewer    | Gained mutation: You have a small tail. [demonic ancestry]
  2571 | Sewer    | Reached XP level 6. HP: 51/51 MP: 6/6
  3319 | D:3      | Killed Woods's ghost
  3879 | D:4      | Noticed Ijyb
  3884 | D:4      | Paralysed by Ijyb for 2 turns
  3890 | D:4      | Killed Ijyb
  3937 | D:4      | Noticed Robin
  3954 | D:4      | Killed Robin
  3985 | D:4      | Gained mutation: You have a tail ending in a sharp stinger.
                  | [demonic ancestry]
  3985 | D:4      | Reached XP level 7. HP: 58/58 MP: 7/7
  4295 | D:4      | Reached skill level 5 in Shields
  4393 | D:5      | Entered Level 5 of the Dungeon
  4962 | D:6      | Reached XP level 8. HP: 67/67 MP: 8/8
  4997 | D:6      | Found a staircase to the Ecumenical Temple.
  5024 | Temple   | Entered the Ecumenical Temple
  5368 | Temple   | Became a worshipper of Warmaster Okawaru
  5396 | D:6      | Found Zeyhug's Weapon Shop.
  5415 | D:6      | Found a radiant altar of Vehumet.
  6058 | D:6      | Reached * piety under Okawaru
  6431 | D:7      | Noticed a troll
  6448 | D:7      | Killed a troll
  6449 | D:7      | Reached XP level 9. HP: 22/76 MP: 7/9
  7044 | D:7      | Reached ** piety under Okawaru
  7639 | D:8      | Reached skill level 10 in Fighting
  8053 | D:8      | Reached XP level 10. HP: 82/86 MP: 10/10
  8101 | D:9      | Reached skill level 1 in Invocations
  8101 | D:9      | Reached *** piety under Okawaru
  8105 | D:9      | Reached skill level 2 in Invocations
  8125 | D:9      | Found a sacrificial altar of Ru.
  8151 | D:9      | Reached skill level 3 in Invocations
  8267 | D:9      | Reached skill level 4 in Invocations
  8596 | D:9      | Found a stormy altar of Qazlal.
  8707 | D:9      | Reached skill level 5 in Axes
  8716 | D:9      | Reached skill level 5 in Invocations
  8722 | D:9      | Reached **** piety under Okawaru
  8723 | D:9      | Noticed a two-headed ogre
  8805 | D:9      | Noticed a sixfirhy
  8808 | D:9      | Noticed a rust devil
  8811 | D:9      | Reached skill level 6 in Invocations
  8819 | D:9      | Noticed an ogre mage
  8847 | D:9      | Received a gift from Okawaru
  8935 | D:9      | Noticed a sun demon
  8990 | D:9      | Reached skill level 7 in Invocations
  9208 | D:9      | Reached skill level 8 in Invocations
  9219 | D:9      | Gained mutation: A meltable icy envelope protects you from
                  | harm. (AC +4) [demonic ancestry]
  9219 | D:9      | Reached XP level 11. HP: 67/92 MP: 14/17
  9261 | D:9      | Killed a two-headed ogre
  9283 | D:9      | Paralysed by an ogre mage for 2 turns
  9295 | D:9      | Killed an ogre mage
  9296 | D:9      | Reached skill level 9 in Invocations
  9528 | D:9      | Found a snail-covered altar of Cheibriados.
  9793 | D:9      | Found a staircase to the Orcish Mines.
  9793 | D:9      | Noticed a two-headed ogre
  9799 | D:9      | Killed a two-headed ogre
  9800 | D:9      | Reached skill level 10 in Invocations
 10146 | D:10     | Entered Level 10 of the Dungeon
 10156 | D:10     | Identified the +1 leather armour of the Watchman {rElec rC+
                  | rN+ Int-4}
 10195 | D:10     | Noticed a death yak
 10197 | D:10     | Noticed a death yak
 10198 | D:10     | Noticed a death yak
 10198 | D:10     | Noticed a death yak
 10199 | D:10     | Noticed a death yak
 10212 | D:10     | Killed a death yak
 10229 | D:10     | Killed a death yak
 10239 | D:10     | Noticed Sonja
 10256 | D:10     | Killed a death yak
 10257 | D:10     | Reached skill level 11 in Invocations
 10265 | D:10     | Killed a death yak
 10273 | D:10     | Killed a death yak
 10275 | D:10     | Found a staircase to the Lair.
 10294 | D:10     | Killed Sonja
 10294 | D:10     | Reached ***** piety under Okawaru
 10400 | D:10     | Noticed Amaemon
 10411 | D:10     | Killed Amaemon
 10412 | D:10     | Reached skill level 12 in Invocations
 10419 | D:10     | Gained mutation: You are partially covered in rugged brown
                  | scales. (AC +1, +3% HP) [demonic ancestry]
 10419 | D:10     | Reached XP level 12. HP: 37/101 MP: 21/21
 10601 | D:10     | Noticed Erica
 10613 | D:10     | Killed Erica
 10637 | D:10     | Found a flagged portal.
 11162 | D:10     | Noticed a two-headed ogre
 11176 | D:10     | Killed a two-headed ogre
 11177 | D:10     | Reached skill level 10 in Axes
 11177 | D:10     | Reached skill level 13 in Invocations
 12350 | D:12     | Noticed a two-headed ogre
 12352 | D:12     | Noticed Psyche
 12367 | D:12     | Killed a two-headed ogre
 12367 | D:12     | Killed Psyche
 12624 | D:12     | Reached skill level 14 in Invocations
 12892 | D:12     | Identified the scarf of the Planets {+Inv, +Blink rF++
                  | Slay+2} (Okawaru gifted it to you on level 12 of the
                  | Dungeon)
 12892 | D:12     | Received a gift from Okawaru
 12927 | D:12     | Noticed a centaur warrior
 12943 | D:12     | Killed a centaur warrior
 13064 | D:12     | Found an iron altar of Okawaru.
 13308 | D:13     | Noticed a tengu warrior
 13325 | D:13     | Killed a tengu warrior
 13326 | D:13     | Found a gate leading to a gauntlet.
 13344 | D:13     | Noticed Urug
 13360 | D:13     | Killed Urug
 13371 | Gauntlet | Entered a Gauntlet
 13371 | Gauntlet | Found a transporter.
 13371 | Gauntlet | Found a transporter.
 13371 | Gauntlet | Found a transporter.
 13375 | Gauntlet | Found a transporter.
 13375 | Gauntlet | Found a transporter.
 13376 | Gauntlet | Found a transporter.
 13389 | Gauntlet | Found a transporter.
 13393 | Gauntlet | Found a transporter.
 13393 | Gauntlet | Found a transporter.
 13410 | Gauntlet | Found a transporter.
 13420 | Gauntlet | Found a transporter.
 13559 | D:13     | Noticed a centaur warrior
 13567 | Arena    | Entered the Arena
 13579 | Arena    | Killed a centaur warrior
 13580 | Arena    | Reached skill level 15 in Invocations
 13789 | D:13     | Noticed a tengu warrior
 13809 | D:13     | Killed a tengu warrior
 13810 | D:13     | Noticed an eight-headed hydra
 13820 | D:13     | Noticed a storm dragon
 13824 | D:13     | a cane toad changed into an entropy weaver
 13824 | D:13     | Noticed an entropy weaver (shapeshifter)
 13833 | D:13     | Gained mutation: You are mostly covered in rugged brown
                  | scales. (AC +2, +5% HP) [demonic ancestry]
 13833 | D:13     | Reached XP level 13. HP: 61/109 MP: 24/24
 13848 | D:13     | Killed a storm dragon
 14065 | D:13     | HP: 3/109 [centaur warrior/arrow (12)]
 14068 | D:13     | Shot with an arrow by a centaur warrior

Illustrated notes

Levels and vault maps discovered:
D:1:      minmay_arrival_stair_chambers, layout_basic, chequers_big_river
D:2:      minmay_chambers_of_ones, layout_basic, palyth_stone_intersect,
          eino_tiny_chamber
D:3:      layout_basic, grunt_temple_overflow_open,
          hellmonk_ecumenical_altar_inner_sanctum, serial_shops,
          nicolae_shop_rolled_up, biasface_ghost_orc_armoury,
          gup_sewer_entry_spiral
D:4:      layout_loops_cross, uniq_ijyb, uniq_robin
D:5:      layout_gridville, serial_shops, shop
D:6:      layout_loops_corners, vehumet_statue,
          minmay_temple_entry_statues_fountains, serial_shops, shop
D:7:      layout_loops_ring, serial_aquarium, aquarium_bridge_long_separate
          [aquarium_subvault_wall, aquarium_subvault_bridge,
          aquarium_subvault_balcony, aquarium_subvault_bridge,
          aquarium_subvault_balcony, aquarium_subvault_window],
          aquarium_window_fake, aquarium_window_2, aquarium_window_double,
          aquarium_view_2c, aquarium_pool_1
D:8:      layout_basic
D:9:      lemuel_castle_with_subvaults [lemuel_castle_interior_original],
          layout_irregular_city, kennysheep_mini_moat,
          mainiacjoe_overflow_paths, mainiacjoe_overflow_chevrons
D:10:     layout_cave_pods, dpeg_lair_monsters, enter_bailey_5, minmay_holes,
          corexii_checkpoint_b, minmay_misc_feat_room, chequers_garden,
          minmay_lindwurm_lava, uniq_sonja, uniq_erica, uniq_amaemon
D:11:     layout_basic, serial_glass, glass_columns_a, glass_columns_a
D:12:     layout_cave_pools, okawaru_metal_pillars_1_2, uniq_psyche
D:13:     minmay_connected_boxes_in_corner, layout_gridville,
          gauntlet_entry_generic, nicolae_concentric_dashed_squares_wild,
          uniq_lodul, uniq_urug
Temple:   oiseaux_autumnal_temple

Skill      XL: |  1  2  3  4  5  6  7  8  9 10 11 12 13 |
---------------+----------------------------------------+-----
Axes           | 2 3 6 9 11 12 | 12.0
Fighting       | 4 5 6 7 9 10 | 10.7
Shields        | 3 4 5 7 9 |  9.3
Invocations    | 8 12 15 | 15.8
Armour         | |  2.6

Action                     |  1- 3 |  4- 6 |  7- 9 | 10-12 | 13-15 || total
---------------------------+-------+-------+-------+-------+-------++-------
  Melee: War axe           |    55 |   182 |   274 |   634 |    40 ||  1185
         Tailslap          |       |    14 |    43 |   122 |     5 ||   184
  Throw: Javelin           |       |       |       |    16 |       ||    16
         Dart              |       |       |       |    12 |       ||    12
 Invoke: Heroism           |       |       |     2 |    14 |       ||    16
         Finesse           |       |       |       |     8 |       ||     8
         Duel              |       |       |       |     1 |       ||     1
  Evoke: Wand              |       |       |       |     8 |       ||     8
    Use: Scroll            |     4 |     6 |    10 |     8 |     1 ||    29
         Potion            |       |       |       |     8 |     4 ||    12
   Stab: Paralysed         |       |       |       |     5 |       ||     5
 Armour: Scale mail        |    23 |    22 |   125 |   341 |    44 ||   555
         Plate armour      |     3 |    75 |       |       |       ||    78
  Dodge: Dodged            |    18 |    40 |   159 |   320 |    42 ||   579
  Block: Buckler           |    16 |   100 |   158 |   398 |    42 ||   714
